Predateurs vs Canucks

Created - 23 février 2022 at 17:32

Goals
1 2 3 OT1 T
Predateurs 1 0 2 0 3
Canucks 3 0 0 1 4
Shots
1 2 3 OT1 T
Predateurs 12 18 14 0 44
Canucks 11 5 9 1 26

GoalsPenalties
1st period
1. Canucks , Alexander Kerfoot 12 (Jack Hughes 16, Quinton Byfield 7) at 1:01
2. Canucks , Jonathan Drouin 13 (Ryan Getzlaf 12, Jared Spurgeon 34) at 6:11
3. Canucks , Ian Cole 6 (Austin Wagner 7, Christian Fischer 11) at 9:36
4. Predateurs , Sidney Crosby 32 (Brady Skjei 23, Sebastian Aho 47) at 11:22 (PP)
Stephen Johns (NAS) for Tripping (Minor) at 7:30
Ian Cole (VAN) for Roughing (Minor) at 10:41
Dan Hamhuis (NAS) for High sticking (Minor) at 11:40
2nd period
No Goal
Artem Zub (VAN) for Goalie Interference (Minor) at 18:12
3rd period
5. Predateurs , Josh Archibald 7 (Dan Hamhuis 13, Zach Parise 15) at 9:54
6. Predateurs , Sidney Crosby 33 (Sebastian Aho 48) at 12:57 (PP)
Dan Hamhuis (NAS) for Interference (Minor) at 1:07
Artem Zub (VAN) for Hooking (Minor) at 12:49
Nathan Beaulieu (NAS) for Interference (Minor) at 17:13
Overtime #1
7. Canucks , Jared Spurgeon 11 (Adrian Kempe 19, Ryan Getzlaf 13) at 0:38
No Penalty
Goalie Stats
Pekka Rinne (NAS), 22 saves from 26 shots - (0,846), OTL, 27-15-4, 60:39 minutes
Thatcher Demko (VAN), 41 saves from 44 shots - (0,932), W, 15-23-2, 60:39 minutes
3 StarsOfficial
1 - Jared Spurgeon (VAN)
2 - Ryan Getzlaf (VAN)
3 - Thatcher Demko (VAN)
Referees : Mike Leggo and Dean Morton
Linesman : Ryan Galloway and Michel Cormier
Game Note
No Game Note



Team Name Goals Shots Shots Attemp Shots Blocked PIM HIT PP PK FO%
Predateurs 3447848192 / 3 (67%)049%
Canucks 4264766190 / 4 (0%)251%

Predateurs
Player Name POS G A P +/- PIM HIT SHT SB MP PP MP PP SHT PK MP PK SHT FO% FOT
Alexander WennbergC/LW/RW0001005011:500:0000:00038% 13
Brad RichardsonC/LW/RW000000107:150:0000:0000% 1
Brady SkjeiD011-1020026:211:2203:4700% 0
Cody GlassC000000307:150:0000:00067% 15
Dan HamhuisD011-1421019:201:2601:5800% 0
Esa LindellD0000012225:421:2203:4700% 0
Filip ForsbergLW/RW000-3044020:200:5313:48025% 4
Jamie BennC000-2001020:010:5304:08047% 30
Josh ArchibaldLW/RW1011021015:580:0004:080100% 1
Nathan BeaulieuD000-1242020:291:2623:0600% 0
Nikita KucherovRW000-1007017:061:5500:0000% 0
Sebastian AhoC/LW/RW022-1025117:061:5510:000100% 1
Sidney CrosbyC202-2006017:451:5520:00054% 26
Stephen JohnsD000-1212015:580:0003:1410% 0
Teuvo TeravainenLW/RW000-2003015:530:5310:0000% 0
Trevor LewisC/LW/RW0000011011:030:0003:48129% 7
Ville HeinolaD000-1000112:450:0000:0000% 0
Zach PariseLW/RW0111000011:500:0000:0000% 0
Canucks
Player Name POS G A P +/- PIM HIT SHT SB MP PP MP PP SHT PK MP PK SHT FO% FOT
Adrian KempeC/LW/RW0112020025:363:4401:2500% 0
Alexander KerfootC/LW/RW1010002119:294:1200:59075% 8
Artem ZubD0001441024:074:0010:3200% 0
Arttu RuotsalainenC0000012011:380:0000:00044% 18
Austin WagnerLW/RW0110021015:504:1210:0000% 1
Christian FischerRW011100207:444:1210:0000% 0
Dakota MermisD0001010115:520:0000:0000% 0
David BackesC/RW000101003:320:0000:0000% 0
Ian ColeD1011213120:463:5600:5900% 0
Jack HughesC/LW/RW0110003014:180:0000:0000% 1
Jared SpurgeonD1122003225:374:0011:2100% 0
Jonathan DrouinC/LW/RW1011005024:553:4401:23075% 4
Jordan OesterleD0000020019:003:5601:1700% 0
Michael FrolikRW0000000012:020:0000:2400% 2
Quinton ByfieldC0110033014:180:0000:00043% 21
Ryan GetzlafC0222011025:363:4401:25058% 38
Thomas HickeyD0000010115:140:0001:2700% 0
Trevor MooreC/LW/RW000100003:320:0000:00040% 5

Predateurs

5 vs 5 Forward
Line #Left WingCenterRight WingPHYDFOFWanted %Time %Time Play
1Sebastian AhoSidney CrosbyNikita Kucherov0233031%15:11
2Teuvo TeravainenJamie BennFilip Forsberg1223030%15:00
3Zach PariseAlexander WennbergJosh Archibald1222424%11:50
4Trevor LewisCody GlassBrad Richardson2211615%7:15
5 vs 5 Defense
Line #DefenseDefensePHYDFOFWanted %Time %Time Play
1Brady SkjeiEsa Lindell1223029%14:08
2Nathan BeaulieuDan Hamhuis1223032%15:58
3Stephen JohnsVille Heinola1222426%12:45
4Brady SkjeiEsa Lindell1221613%6:25
Power Play Forward
Line #Left WingCenterRight WingPHYDFOFWanted %Time %Time Play
1Sebastian AhoSidney CrosbyNikita Kucherov1225068%1:55
2Teuvo TeravainenJamie BennFilip Forsberg1225032%0:53
Power Play Defense
Line #DefenseDefensePHYDFOFWanted %Time %Time Play
1Brady SkjeiEsa Lindell1225049%1:22
2Nathan BeaulieuDan Hamhuis1225051%1:26
Penalty Kill 4 Players Forward
Line #CenterWingPHYDFOFWanted %Time %Time Play
1Jamie BennJosh Archibald1225052%4:08
2Trevor LewisFilip Forsberg1225048%3:48
Penalty Kill 4 Players Defense
Line #DefenseDefensePHYDFOFWanted %Time %Time Play
1Brady SkjeiEsa Lindell1225048%3:47
2Nathan BeaulieuDan Hamhuis1225052%4:09
Penalty Kill 3 Players
Line #WingPHYDFOFWanted %Time %Time PlayDefenseDefensePHYDFOFWanted %Time %Time Play
1Jamie Benn122500%0:00 Brady SkjeiEsa Lindell122500%0:00
2Josh Archibald122500%0:00 Nathan BeaulieuDan Hamhuis122500%0:00
4 vs 4 Forward
Line #CenterWingPHYDFOFWanted %Time %Time Play
1Sidney CrosbyFilip Forsberg122500%0:00
2Nikita KucherovSebastian Aho122500%0:00
4 vs 4 Defense
Line #DefensePHYDFOFWanted %Time %Time Play
1Brady SkjeiEsa Lindell122500%0:00
2Nathan BeaulieuDan Hamhuis122500%0:00
Last Minutes Offensive
Left WingCenterRight WingDefenseDefense
Filip ForsbergSidney CrosbyNikita KucherovBrady SkjeiEsa Lindell
Last Minutes Defensive
Left WingCenterRight WingDefenseDefense
Filip ForsbergSidney CrosbyNikita KucherovBrady SkjeiEsa Lindell
Time
Total ForwardTotal DefenseLast Minutes OffensiveLast Minutes Defensive
60:00 60:00 0:000:00
Extra Forwards
Normal PowerPlayPenalty Kill
Jamie Benn, Filip Forsberg, Teuvo TeravainenSebastian Aho, Filip ForsbergJosh Archibald
Extra Defensemen
Normal PowerPlayPenalty Kill
Dan Hamhuis, Nathan Beaulieu, Ville HeinolaVille Heinola, Dan HamhuisNathan Beaulieu
Penalty Shots
Sidney Crosby, Filip Forsberg, Nikita Kucherov, Sebastian Aho, Jamie Benn
Goalie
Pekka Rinne, Antti Raanta
Custom OT Lines Forwards
Sidney Crosby, Filip Forsberg, Nikita Kucherov, Sebastian Aho, Jamie Benn, Teuvo Teravainen, Zach Parise, Alexander Wennberg, Josh Archibald, Brad Richardson
Custom OT Lines Defensemen
Brady Skjei, Esa Lindell, Nathan Beaulieu, Dan Hamhuis, Ville Heinola
Scratches
Justin Schultz (Bruised Right Foot Injury)

Canucks

5 vs 5 Forward
Line #Left WingCenterRight WingPHYDFOFWanted %Time %Time Play
1Adrian KempeRyan GetzlafJonathan Drouin1134540%19:48
2Jack HughesQuinton ByfieldAlexander Kerfoot1133029%14:18
3Austin WagnerArttu RuotsalainenMichael Frolik1132024%11:38
4David BackesTrevor MooreChristian Fischer12257%3:32
5 vs 5 Defense
Line #DefenseDefensePHYDFOFWanted %Time %Time Play
1Jared SpurgeonArtem Zub1223029%14:21
2Dakota MermisIan Cole1223032%15:52
3Thomas HickeyJordan Oesterle1222428%13:47
4Jared SpurgeonArtem Zub1221611%5:16
Power Play Forward
Line #Left WingCenterRight WingPHYDFOFWanted %Time %Time Play
1Adrian KempeRyan GetzlafJonathan Drouin0055047%3:44
2Austin WagnerAlexander KerfootChristian Fischer0055053%4:12
Power Play Defense
Line #DefenseDefensePHYDFOFWanted %Time %Time Play
1Jared SpurgeonArtem Zub1225050%4:00
2Jordan OesterleIan Cole1225050%3:56
Penalty Kill 4 Players Forward
Line #CenterWingPHYDFOFWanted %Time %Time Play
1Ryan GetzlafAdrian Kempe1225051%1:25
2Jonathan DrouinAlexander Kerfoot1225049%1:23
Penalty Kill 4 Players Defense
Line #DefenseDefensePHYDFOFWanted %Time %Time Play
1Jared SpurgeonArtem Zub1225048%1:21
2Thomas HickeyIan Cole1225052%1:27
Penalty Kill 3 Players
Line #WingPHYDFOFWanted %Time %Time PlayDefenseDefensePHYDFOFWanted %Time %Time Play
1Ryan Getzlaf122500%0:00 Jared SpurgeonArtem Zub122500%0:00
2Adrian Kempe122500%0:00 Thomas HickeyIan Cole122500%0:00
4 vs 4 Forward
Line #CenterWingPHYDFOFWanted %Time %Time Play
1Ryan GetzlafJonathan Drouin122500%0:00
2Adrian KempeAlexander Kerfoot122500%0:00
4 vs 4 Defense
Line #DefensePHYDFOFWanted %Time %Time Play
1Jared SpurgeonArtem Zub122500%0:00
2Thomas HickeyIan Cole122500%0:00
Last Minutes Offensive
Left WingCenterRight WingDefenseDefense
Adrian KempeRyan GetzlafJonathan DrouinJared SpurgeonArtem Zub
Last Minutes Defensive
Left WingCenterRight WingDefenseDefense
Adrian KempeRyan GetzlafJonathan DrouinJared SpurgeonArtem Zub
Time
Total ForwardTotal DefenseLast Minutes OffensiveLast Minutes Defensive
60:00 60:00 0:000:00
Extra Forwards
Normal PowerPlayPenalty Kill
Quinton Byfield, Arttu Ruotsalainen, Michael FrolikQuinton Byfield, Arttu RuotsalainenMichael Frolik
Extra Defensemen
Normal PowerPlayPenalty Kill
Dakota Mermis, Jordan Oesterle, Artem ZubDakota Mermis, Jordan OesterleArtem Zub
Penalty Shots
Ryan Getzlaf, Adrian Kempe, Jonathan Drouin, Alexander Kerfoot, Arttu Ruotsalainen
Goalie
Thatcher Demko, Chris Driedger
Custom OT Lines Forwards
Ryan Getzlaf, Adrian Kempe, Jonathan Drouin, Alexander Kerfoot, Arttu Ruotsalainen, Christian Fischer, Austin Wagner, Michael Frolik, David Backes, Quinton Byfield
Custom OT Lines Defensemen
Jared Spurgeon, Thomas Hickey, Artem Zub, Ian Cole, Dakota Mermis
Scratches
Karson Kuhlman (Healthy), Sam Gagner (Healthy), Laurent Dauphin (Healthy), P.K. Subban (Suspend)


Play-by-Play

1st period


0:01 of 1st period - Ryan Getzlaf wins face-off versus Sidney Crosby in neutral zone.
0:30 of 1st period - Shot by Nikita Kucherov.
0:30 of 1st period - Stopped by Thatcher Demko without a rebound.
0:31 of 1st period - Quinton Byfield wins face-off versus Jamie Benn in Canucks zone.
0:31 of 1st period - Quinton Byfield is hit by Filip Forsberg.
0:52 of 1st period - Quinton Byfield is hit by Nathan Beaulieu and loses puck.
0:59 of 1st period - Shot by Jack Hughes.
0:59 of 1st period - Shot Hit the Post.
1:01 of 1st period - Shot by Alexander Kerfoot.
1:01 of 1st period - Goal by Alexander Kerfoot - Predateurs : 0 - Canucks : 1.
1:02 of 1st period - Alexander Wennberg wins face-off versus Arttu Ruotsalainen in neutral zone.
1:07 of 1st period - Shot by Alexander Wennberg.
1:07 of 1st period - Stopped by Thatcher Demko without a rebound.
1:08 of 1st period - Cody Glass wins face-off versus Arttu Ruotsalainen in Canucks zone.
1:14 of 1st period - Off-side.
1:15 of 1st period - Alexander Wennberg wins face-off versus Trevor Moore in neutral zone.
1:15 of 1st period - Zach Parise is hit by David Backes and loses puck.
2:06 of 1st period - Shot by Jonathan Drouin.
2:06 of 1st period - Shot Misses the Net.
2:40 of 1st period - Shot by Artem Zub.
2:40 of 1st period - Shot Hit the Post.
3:26 of 1st period - Shot by Arttu Ruotsalainen.
3:26 of 1st period - Shot Misses the Net.
3:28 of 1st period - Shot by Ian Cole.
3:28 of 1st period - Shot Misses the Net.
3:30 of 1st period - Shot by Ian Cole.
3:30 of 1st period - Stopped by Pekka Rinne without a rebound.
3:31 of 1st period - Jamie Benn wins face-off versus Quinton Byfield in Predateurs zone.
3:44 of 1st period - Shot by Teuvo Teravainen.
3:44 of 1st period - Shot Misses the Net.
3:56 of 1st period - Teuvo Teravainen is hit by Quinton Byfield and loses puck.
4:53 of 1st period - Icing by Jordan Oesterle.
4:54 of 1st period - Quinton Byfield wins face-off versus Sidney Crosby in Canucks zone.
4:54 of 1st period - Quinton Byfield is hit by Sebastian Aho.
5:09 of 1st period - Shot by Nikita Kucherov.
5:09 of 1st period - Shot Blocked by Thomas Hickey.
6:11 of 1st period - Shot by Jonathan Drouin.
6:11 of 1st period - Goal by Jonathan Drouin - Predateurs : 0 - Canucks : 2.
6:12 of 1st period - Cody Glass wins face-off versus Austin Wagner in neutral zone.
6:46 of 1st period - Michael Frolik is hit by Trevor Lewis and loses puck.
7:07 of 1st period - Shot by Jamie Benn.
7:07 of 1st period - Stopped by Thatcher Demko with a rebound.
7:30 of 1st period - Minor Penalty to Stephen Johns for Tripping.
7:31 of 1st period - Jamie Benn wins face-off versus Ryan Getzlaf in Predateurs zone.
8:53 of 1st period - Icing by Ryan Getzlaf.
8:54 of 1st period - Ryan Getzlaf wins face-off versus Jamie Benn in Canucks zone.
8:56 of 1st period - Icing by Adrian Kempe.
8:57 of 1st period - Ryan Getzlaf wins face-off versus Jamie Benn in Canucks zone.
9:12 of 1st period - Shot by Jared Spurgeon.
9:12 of 1st period - Stopped by Pekka Rinne without a rebound.
9:13 of 1st period - Alexander Kerfoot wins face-off versus Jamie Benn in Predateurs zone.
9:32 of 1st period - Shot by Austin Wagner.
9:32 of 1st period - Shot Blocked by Ville Heinola.
9:34 of 1st period - Shot by Ian Cole.
9:34 of 1st period - Shot Blocked by Sebastian Aho.
9:36 of 1st period - Shot by Ian Cole.
9:36 of 1st period - Goal by Ian Cole - Predateurs : 0 - Canucks : 3.
9:37 of 1st period - Sidney Crosby wins face-off versus Arttu Ruotsalainen in neutral zone.
9:44 of 1st period - Shot by Nikita Kucherov.
9:44 of 1st period - Stopped by Thatcher Demko without a rebound.
9:45 of 1st period - Trevor Moore wins face-off versus Sidney Crosby in Canucks zone.
9:45 of 1st period - Trevor Moore is hit by Sebastian Aho.
10:01 of 1st period - Shot by Christian Fischer.
10:01 of 1st period - Stopped by Pekka Rinne without a rebound.
10:02 of 1st period - Jamie Benn wins face-off versus Ryan Getzlaf in Predateurs zone.
10:18 of 1st period - Jonathan Drouin is hit by Nathan Beaulieu and loses puck.
10:40 of 1st period - Filip Forsberg is hit by Ian Cole and loses puck.
10:41 of 1st period - Minor Penalty to Ian Cole for Roughing.
10:42 of 1st period - Jonathan Drouin wins face-off versus Sidney Crosby in Canucks zone.
11:20 of 1st period - Shot by Brady Skjei.
11:20 of 1st period - Shot Misses the Net.
11:22 of 1st period - Shot by Sidney Crosby.
11:22 of 1st period - Goal by Sidney Crosby - Predateurs : 1 - Canucks : 3.
11:23 of 1st period - Quinton Byfield wins face-off versus Alexander Wennberg in neutral zone.
11:33 of 1st period - Shot by Jack Hughes.
11:33 of 1st period - Stopped by Pekka Rinne without a rebound.
11:34 of 1st period - Cody Glass wins face-off versus Arttu Ruotsalainen in Predateurs zone.
11:40 of 1st period - Minor Penalty to Dan Hamhuis for High sticking.
11:41 of 1st period - Alexander Kerfoot wins face-off versus Trevor Lewis in Predateurs zone.
12:09 of 1st period - Icing by Ian Cole.
12:10 of 1st period - Jamie Benn wins face-off versus Alexander Kerfoot in Canucks zone.
12:11 of 1st period - Shot by Josh Archibald.
12:11 of 1st period - Shot Misses the Net.
12:52 of 1st period - Shot by Trevor Lewis.
12:52 of 1st period - Stopped by Thatcher Demko with a rebound.
12:54 of 1st period - Shot by Stephen Johns.
12:54 of 1st period - Stopped by Thatcher Demko without a rebound.
12:55 of 1st period - Ryan Getzlaf wins face-off versus Trevor Lewis in Canucks zone.
13:12 of 1st period - Shot by Jonathan Drouin.
13:12 of 1st period - Shot Misses the Net.
13:19 of 1st period - Icing by Adrian Kempe.
13:20 of 1st period - Trevor Lewis wins face-off versus Ryan Getzlaf in Canucks zone.
13:30 of 1st period - Icing by Jared Spurgeon.
13:31 of 1st period - Ryan Getzlaf wins face-off versus Jamie Benn in Canucks zone.
13:55 of 1st period - Shot by Nikita Kucherov.
13:55 of 1st period - Stopped by Thatcher Demko without a rebound.
13:56 of 1st period - Alexander Wennberg wins face-off versus Arttu Ruotsalainen in Canucks zone.
14:09 of 1st period - Shot by Dan Hamhuis.
14:09 of 1st period - Stopped by Thatcher Demko without a rebound.
14:10 of 1st period - Ryan Getzlaf wins face-off versus Sidney Crosby in Canucks zone.
14:16 of 1st period - Nikita Kucherov is hit by Artem Zub and loses puck.
14:19 of 1st period - Shot by Esa Lindell.
14:19 of 1st period - Stopped by Thatcher Demko without a rebound.
14:20 of 1st period - Jamie Benn wins face-off versus Quinton Byfield in Canucks zone.
14:32 of 1st period - Jack Hughes is hit by Brady Skjei.
14:36 of 1st period - Shot by Quinton Byfield.
14:36 of 1st period - Stopped by Pekka Rinne with a rebound.
14:38 of 1st period - Shot by Jack Hughes.
14:38 of 1st period - Shot Misses the Net.
14:56 of 1st period - Shot by Jack Hughes.
14:56 of 1st period - Stopped by Pekka Rinne without a rebound.
14:57 of 1st period - Sidney Crosby wins face-off versus Ryan Getzlaf in Predateurs zone.
15:32 of 1st period - Shot by Nikita Kucherov.
15:32 of 1st period - Stopped by Thatcher Demko without a rebound.
15:33 of 1st period - Arttu Ruotsalainen wins face-off versus Alexander Wennberg in Canucks zone.
16:15 of 1st period - Shot by Alexander Wennberg.
16:15 of 1st period - Shot Misses the Net.
17:02 of 1st period - Icing by Ian Cole.
17:03 of 1st period - Ryan Getzlaf wins face-off versus Sidney Crosby in Canucks zone.
17:22 of 1st period - Shot by Ryan Getzlaf.
17:22 of 1st period - Stopped by Pekka Rinne without a rebound.
17:23 of 1st period - Cody Glass wins face-off versus Quinton Byfield in Predateurs zone.
17:31 of 1st period - Icing by Jordan Oesterle.
17:32 of 1st period - Sidney Crosby wins face-off versus Quinton Byfield in Canucks zone.
18:06 of 1st period - Quinton Byfield is hit by Esa Lindell and loses puck.
18:28 of 1st period - Jonathan Drouin is hit by Brady Skjei and loses puck.
18:31 of 1st period - Shot by Jonathan Drouin.
18:31 of 1st period - Stopped by Pekka Rinne without a rebound.
18:32 of 1st period - Cody Glass wins face-off versus Arttu Ruotsalainen in Predateurs zone.
18:36 of 1st period - Icing by Dan Hamhuis.
18:37 of 1st period - Ryan Getzlaf wins face-off versus Cody Glass in Predateurs zone.
19:13 of 1st period - Shot by Adrian Kempe.
19:13 of 1st period - Shot Misses the Net.
19:43 of 1st period - Shot by Alexander Wennberg.
19:43 of 1st period - Stopped by Thatcher Demko with a rebound.
19:51 of 1st period - Josh Archibald is hit by Quinton Byfield and loses puck.
Goals for this period are 1 for Predateurs vs 3 for Canucks.
Shots for this period are 12 for Predateurs vs 11 for Canucks.

2nd period


0:01 of 2nd period - Ryan Getzlaf wins face-off versus Jamie Benn in neutral zone.
0:10 of 2nd period - Shot by Jonathan Drouin.
0:10 of 2nd period - Stopped by Pekka Rinne without a rebound.
0:11 of 2nd period - Quinton Byfield wins face-off versus Sidney Crosby in Predateurs zone.
0:11 of 2nd period - Dakota Mermis is hit by Nathan Beaulieu and loses puck.
0:20 of 2nd period - Shot by Alexander Kerfoot.
0:20 of 2nd period - Stopped by Pekka Rinne without a rebound.
0:21 of 2nd period - Ryan Getzlaf wins face-off versus Filip Forsberg in Predateurs zone.
0:41 of 2nd period - Shot by Teuvo Teravainen.
0:41 of 2nd period - Shot Misses the Net.
0:43 of 2nd period - Shot by Esa Lindell.
0:43 of 2nd period - Stopped by Thatcher Demko with a rebound.
0:47 of 2nd period - Shot by Filip Forsberg.
0:47 of 2nd period - Shot Misses the Net.
0:53 of 2nd period - Shot by Teuvo Teravainen.
0:53 of 2nd period - Shot Blocked by Jared Spurgeon.
0:55 of 2nd period - Shot by Teuvo Teravainen.
0:55 of 2nd period - Shot Misses the Net.
1:01 of 2nd period - Shot by Teuvo Teravainen.
1:01 of 2nd period - Stopped by Thatcher Demko without a rebound.
1:02 of 2nd period - Sidney Crosby wins face-off versus Quinton Byfield in Canucks zone.
1:05 of 2nd period - Shot by Nikita Kucherov.
1:05 of 2nd period - Shot Misses the Net.
1:07 of 2nd period - Shot by Sebastian Aho.
1:07 of 2nd period - Stopped by Thatcher Demko with a rebound.
1:09 of 2nd period - Shot by Nathan Beaulieu.
1:09 of 2nd period - Shot Misses the Net.
1:11 of 2nd period - Shot by Sidney Crosby.
1:11 of 2nd period - Deflect By Nikita Kucherov.
1:11 of 2nd period - Stopped by Thatcher Demko without a rebound.
1:12 of 2nd period - Alexander Wennberg wins face-off versus Arttu Ruotsalainen in Canucks zone.
1:12 of 2nd period - Alexander Wennberg is hit by Jordan Oesterle.
1:19 of 2nd period - Off-side.
1:20 of 2nd period - Quinton Byfield wins face-off versus Sidney Crosby in neutral zone.
1:23 of 2nd period - Sebastian Aho is hit by Quinton Byfield and loses puck.
1:38 of 2nd period - Shot by Sidney Crosby.
1:38 of 2nd period - Shot Blocked by Dakota Mermis.
1:46 of 2nd period - Shot by Ian Cole.
1:46 of 2nd period - Shot Misses the Net.
2:14 of 2nd period - Alexander Kerfoot is hit by Filip Forsberg and loses puck.
2:34 of 2nd period - Filip Forsberg is hit by Ryan Getzlaf and loses puck.
2:46 of 2nd period - Icing by Jared Spurgeon.
2:47 of 2nd period - Ryan Getzlaf wins face-off versus Alexander Wennberg in Canucks zone.
2:47 of 2nd period - Ryan Getzlaf is hit by Josh Archibald.
3:35 of 2nd period - Shot by Arttu Ruotsalainen.
3:35 of 2nd period - Stopped by Pekka Rinne without a rebound.
3:36 of 2nd period - Arttu Ruotsalainen wins face-off versus Cody Glass in Predateurs zone.
3:55 of 2nd period - Shot by Cody Glass.
3:55 of 2nd period - Stopped by Thatcher Demko without a rebound.
3:56 of 2nd period - Trevor Moore wins face-off versus Sidney Crosby in Canucks zone.
5:08 of 2nd period - Teuvo Teravainen is hit by Artem Zub and loses puck.
6:14 of 2nd period - Arttu Ruotsalainen is hit by Josh Archibald and loses puck.
6:21 of 2nd period - Shot by Zach Parise.
6:21 of 2nd period - Shot Misses the Net.
6:23 of 2nd period - Shot by Stephen Johns.
6:23 of 2nd period - Stopped by Thatcher Demko without a rebound.
6:24 of 2nd period - Quinton Byfield wins face-off versus Cody Glass in Canucks zone.
6:37 of 2nd period - Shot by Alexander Kerfoot.
6:37 of 2nd period - Deflect By Jack Hughes.
6:37 of 2nd period - Stopped by Pekka Rinne without a rebound.
6:38 of 2nd period - Sidney Crosby wins face-off versus Trevor Moore in Predateurs zone.
6:44 of 2nd period - Off-side.
6:45 of 2nd period - Sidney Crosby wins face-off versus Jack Hughes in neutral zone.
6:59 of 2nd period - Sebastian Aho is hit by Dakota Mermis and loses puck.
7:06 of 2nd period - Shot by Sidney Crosby.
7:06 of 2nd period - Stopped by Thatcher Demko with a rebound.
7:37 of 2nd period - Off-side.
7:38 of 2nd period - Ryan Getzlaf wins face-off versus Cody Glass in neutral zone.
7:43 of 2nd period - Shot by Jonathan Drouin.
7:43 of 2nd period - Shot Blocked by Esa Lindell.
7:55 of 2nd period - Shot by Cody Glass.
7:55 of 2nd period - Shot Misses the Net.
7:57 of 2nd period - Shot by Brady Skjei.
7:57 of 2nd period - Shot Misses the Net.
7:59 of 2nd period - Shot by Cody Glass.
7:59 of 2nd period - Stopped by Thatcher Demko without a rebound.
8:00 of 2nd period - Arttu Ruotsalainen wins face-off versus Jamie Benn in Canucks zone.
8:09 of 2nd period - Shot by Filip Forsberg.
8:09 of 2nd period - Stopped by Thatcher Demko without a rebound.
8:10 of 2nd period - Ryan Getzlaf wins face-off versus Alexander Wennberg in Canucks zone.
9:07 of 2nd period - Icing by Ryan Getzlaf.
9:08 of 2nd period - Jamie Benn wins face-off versus Ryan Getzlaf in Canucks zone.
9:27 of 2nd period - Shot by Arttu Ruotsalainen.
9:27 of 2nd period - Stopped by Pekka Rinne with a rebound.
10:31 of 2nd period - Shot by Sidney Crosby.
10:31 of 2nd period - Stopped by Thatcher Demko without a rebound.
10:32 of 2nd period - Cody Glass wins face-off versus Trevor Moore in Canucks zone.
10:39 of 2nd period - Shot by Trevor Lewis.
10:39 of 2nd period - Shot Misses the Net.
11:00 of 2nd period - Shot by Brad Richardson.
11:00 of 2nd period - Stopped by Thatcher Demko without a rebound.
11:01 of 2nd period - Sidney Crosby wins face-off versus Ryan Getzlaf in Canucks zone.
11:06 of 2nd period - Shot by Nikita Kucherov.
11:06 of 2nd period - Stopped by Thatcher Demko with a rebound.
11:23 of 2nd period - Off-side.
11:24 of 2nd period - Jamie Benn wins face-off versus Quinton Byfield in neutral zone.
11:35 of 2nd period - Shot by Jamie Benn.
11:35 of 2nd period - Shot Misses the Net.
11:49 of 2nd period - Shot by Jack Hughes.
11:49 of 2nd period - Shot Misses the Net.
11:52 of 2nd period - Icing by Esa Lindell.
11:53 of 2nd period - Jamie Benn wins face-off versus Ryan Getzlaf in Predateurs zone.
12:30 of 2nd period - Adrian Kempe is hit by Nathan Beaulieu.
12:42 of 2nd period - Shot by Alexander Wennberg.
12:42 of 2nd period - Stopped by Thatcher Demko without a rebound.
12:43 of 2nd period - Sidney Crosby wins face-off versus Quinton Byfield in Canucks zone.
12:59 of 2nd period - Nikita Kucherov is hit by Thomas Hickey and loses puck.
13:08 of 2nd period - Shot by Sidney Crosby.
13:08 of 2nd period - Stopped by Thatcher Demko without a rebound.
13:09 of 2nd period - Cody Glass wins face-off versus Arttu Ruotsalainen in Canucks zone.
13:10 of 2nd period - Shot by Brad Richardson.
13:10 of 2nd period - Shot Misses the Net.
13:17 of 2nd period - Icing by Nathan Beaulieu.
13:18 of 2nd period - Cody Glass wins face-off versus Michael Frolik in Predateurs zone.
13:24 of 2nd period - Off-side.
13:25 of 2nd period - Ryan Getzlaf wins face-off versus Alexander Wennberg in neutral zone.
13:57 of 2nd period - Zach Parise is hit by Artem Zub and loses puck.
14:07 of 2nd period - Alexander Wennberg is hit by Artem Zub.
14:14 of 2nd period - Icing by Jared Spurgeon.
14:15 of 2nd period - Sidney Crosby wins face-off versus Ryan Getzlaf in Canucks zone.
14:41 of 2nd period - Off-side.
14:42 of 2nd period - Cody Glass wins face-off versus Arttu Ruotsalainen in neutral zone.
15:19 of 2nd period - Shot by Michael Frolik.
15:19 of 2nd period - Shot Misses the Net.
15:50 of 2nd period - Off-side.
15:51 of 2nd period - Sidney Crosby wins face-off versus Quinton Byfield in neutral zone.
16:36 of 2nd period - Icing by Dakota Mermis.
16:37 of 2nd period - Jamie Benn wins face-off versus Quinton Byfield in Canucks zone.
16:44 of 2nd period - Shot by Filip Forsberg.
16:44 of 2nd period - Shot Misses the Net.
18:12 of 2nd period - Minor Penalty to Artem Zub for Goalie Interference.
18:13 of 2nd period - Sidney Crosby wins face-off versus Ryan Getzlaf in Canucks zone.
18:37 of 2nd period - Shot by Nathan Beaulieu.
18:37 of 2nd period - Stopped by Thatcher Demko with a rebound.
18:39 of 2nd period - Shot by Sebastian Aho.
18:39 of 2nd period - Shot Blocked by Ian Cole.
18:41 of 2nd period - Shot by Nathan Beaulieu.
18:41 of 2nd period - Stopped by Thatcher Demko without a rebound.
18:42 of 2nd period - Jonathan Drouin wins face-off versus Sidney Crosby in Canucks zone.
19:05 of 2nd period - Shot by Nikita Kucherov.
19:05 of 2nd period - Shot Misses the Net.
19:18 of 2nd period - Off-side.
19:19 of 2nd period - Ryan Getzlaf wins face-off versus Jamie Benn in neutral zone.
19:19 of 2nd period - Jared Spurgeon is hit by Filip Forsberg and loses puck.
19:24 of 2nd period - Shot by Teuvo Teravainen.
19:24 of 2nd period - Stopped by Thatcher Demko with a rebound.
19:28 of 2nd period - Shot by Teuvo Teravainen.
19:28 of 2nd period - Shot Misses the Net.
19:30 of 2nd period - Shot by Brady Skjei.
19:30 of 2nd period - Shot Misses the Net.
19:32 of 2nd period - Shot by Filip Forsberg.
19:32 of 2nd period - Stopped by Thatcher Demko without a rebound.
19:33 of 2nd period - Jonathan Drouin wins face-off versus Jamie Benn in Canucks zone.
Goals for this period are 0 for Predateurs vs 0 for Canucks.
Shots for this period are 18 for Predateurs vs 5 for Canucks.

3rd period


0:01 of 3rd period - Jamie Benn wins face-off versus Ryan Getzlaf in neutral zone.
0:30 of 3rd period - Shot by Alexander Wennberg.
0:30 of 3rd period - Stopped by Thatcher Demko without a rebound.
0:31 of 3rd period - Sidney Crosby wins face-off versus Ryan Getzlaf in Canucks zone.
0:46 of 3rd period - Shot by Sebastian Aho.
0:46 of 3rd period - Stopped by Thatcher Demko with a rebound.
0:55 of 3rd period - Ryan Getzlaf is hit by Dan Hamhuis and loses puck.
1:07 of 3rd period - Minor Penalty to Dan Hamhuis for Interference.
1:08 of 3rd period - Alexander Kerfoot wins face-off versus Trevor Lewis in Predateurs zone.
1:17 of 3rd period - Shot by Jared Spurgeon.
1:17 of 3rd period - Deflect By Austin Wagner.
1:17 of 3rd period - Shot Misses the Net.
1:19 of 3rd period - Shot by Jared Spurgeon.
1:19 of 3rd period - Shot Misses the Net.
1:21 of 3rd period - Shot by Artem Zub.
1:21 of 3rd period - Shot Misses the Net.
1:23 of 3rd period - Shot by Alexander Kerfoot.
1:23 of 3rd period - Deflect By Austin Wagner.
1:23 of 3rd period - Stopped by Pekka Rinne without a rebound.
1:24 of 3rd period - Alexander Kerfoot wins face-off versus Jamie Benn in Predateurs zone.
1:43 of 3rd period - Shot by Ian Cole.
1:43 of 3rd period - Shot Misses the Net.
1:45 of 3rd period - Shot by Ian Cole.
1:45 of 3rd period - Deflect By Christian Fischer.
1:45 of 3rd period - Stopped by Pekka Rinne without a rebound.
1:46 of 3rd period - Jamie Benn wins face-off versus Ryan Getzlaf in Predateurs zone.
1:46 of 3rd period - Jamie Benn is hit by Adrian Kempe.
1:55 of 3rd period - Icing by Jared Spurgeon.
1:56 of 3rd period - Ryan Getzlaf wins face-off versus Filip Forsberg in Canucks zone.
1:58 of 3rd period - Icing by Jared Spurgeon.
1:59 of 3rd period - Josh Archibald wins face-off versus Ryan Getzlaf in Canucks zone.
3:24 of 3rd period - Shot by Quinton Byfield.
3:24 of 3rd period - Stopped by Pekka Rinne with a rebound.
3:26 of 3rd period - Shot by Quinton Byfield.
3:26 of 3rd period - Stopped by Pekka Rinne without a rebound.
3:27 of 3rd period - Cody Glass wins face-off versus Michael Frolik in Predateurs zone.
4:37 of 3rd period - Shot by Sidney Crosby.
4:37 of 3rd period - Stopped by Thatcher Demko with a rebound.
4:48 of 3rd period - Shot by Sebastian Aho.
4:48 of 3rd period - Shot Blocked by Jared Spurgeon.
5:26 of 3rd period - Icing by Dakota Mermis.
5:27 of 3rd period - Alexander Wennberg wins face-off versus Quinton Byfield in Canucks zone.
5:51 of 3rd period - Shot by Alexander Wennberg.
5:51 of 3rd period - Stopped by Thatcher Demko without a rebound.
5:52 of 3rd period - Arttu Ruotsalainen wins face-off versus Jamie Benn in Canucks zone.
6:28 of 3rd period - Filip Forsberg is hit by Jordan Oesterle and loses puck.
6:31 of 3rd period - Shot by Teuvo Teravainen.
6:31 of 3rd period - Stopped by Thatcher Demko without a rebound.
6:32 of 3rd period - Ryan Getzlaf wins face-off versus Alexander Wennberg in Canucks zone.
7:57 of 3rd period - Shot by Sebastian Aho.
7:57 of 3rd period - Stopped by Thatcher Demko without a rebound.
7:58 of 3rd period - Jamie Benn wins face-off versus Arttu Ruotsalainen in Canucks zone.
8:10 of 3rd period - Icing by Michael Frolik.
8:11 of 3rd period - Arttu Ruotsalainen wins face-off versus Sidney Crosby in Canucks zone.
8:16 of 3rd period - Sebastian Aho is hit by Arttu Ruotsalainen and loses puck.
8:42 of 3rd period - Icing by Michael Frolik.
8:43 of 3rd period - Arttu Ruotsalainen wins face-off versus Filip Forsberg in Canucks zone.
8:49 of 3rd period - Off-side.
8:50 of 3rd period - Jamie Benn wins face-off versus Quinton Byfield in neutral zone.
8:58 of 3rd period - Shot by Jamie Benn.
8:58 of 3rd period - Shot Misses the Net.
9:06 of 3rd period - Shot by Teuvo Teravainen.
9:06 of 3rd period - Shot Misses the Net.
9:16 of 3rd period - Shot by Teuvo Teravainen.
9:16 of 3rd period - Shot Misses the Net.
9:52 of 3rd period - Shot by Josh Archibald.
9:52 of 3rd period - Shot Misses the Net.
9:54 of 3rd period - Shot by Josh Archibald.
9:54 of 3rd period - Goal by Josh Archibald - Predateurs : 2 - Canucks : 3.
9:55 of 3rd period - Ryan Getzlaf wins face-off versus Cody Glass in neutral zone.
10:57 of 3rd period - Josh Archibald is hit by Austin Wagner and loses puck.
12:06 of 3rd period - Shot by Nikita Kucherov.
12:06 of 3rd period - Shot Misses the Net.
12:16 of 3rd period - Shot by Nikita Kucherov.
12:16 of 3rd period - Deflect By Sidney Crosby.
12:16 of 3rd period - Shot Misses the Net.
12:18 of 3rd period - Shot by Sebastian Aho.
12:18 of 3rd period - Stopped by Thatcher Demko without a rebound.
12:19 of 3rd period - Ryan Getzlaf wins face-off versus Jamie Benn in Canucks zone.
12:19 of 3rd period - Jonathan Drouin is hit by Filip Forsberg and loses puck.
12:49 of 3rd period - Shot by Filip Forsberg.
12:49 of 3rd period - Stopped by Thatcher Demko without a rebound.
12:49 of 3rd period - Minor Penalty to Artem Zub for Hooking.
12:50 of 3rd period - Sebastian Aho wins face-off versus Jonathan Drouin in Canucks zone.
12:53 of 3rd period - Shot by Sebastian Aho.
12:53 of 3rd period - Stopped by Thatcher Demko with a rebound.
12:55 of 3rd period - Shot by Sidney Crosby.
12:55 of 3rd period - Shot Misses the Net.
12:57 of 3rd period - Shot by Sidney Crosby.
12:57 of 3rd period - Goal by Sidney Crosby - Predateurs : 3 - Canucks : 3.
12:58 of 3rd period - Sidney Crosby wins face-off versus Quinton Byfield in neutral zone.
13:03 of 3rd period - Shot by Sidney Crosby.
13:03 of 3rd period - Shot Blocked by Alexander Kerfoot.
13:13 of 3rd period - Jack Hughes is hit by Stephen Johns and loses puck.
13:26 of 3rd period - Shot by Nikita Kucherov.
13:26 of 3rd period - Stopped by Thatcher Demko without a rebound.
13:27 of 3rd period - Jamie Benn wins face-off versus Ryan Getzlaf in Canucks zone.
13:37 of 3rd period - Off-side.
13:38 of 3rd period - Arttu Ruotsalainen wins face-off versus Alexander Wennberg in neutral zone.
14:49 of 3rd period - Shot by Nikita Kucherov.
14:49 of 3rd period - Shot Misses the Net.
15:03 of 3rd period - Shot by Ryan Getzlaf.
15:03 of 3rd period - Shot Misses the Net.
15:05 of 3rd period - Shot by Jared Spurgeon.
15:05 of 3rd period - Stopped by Pekka Rinne without a rebound.
15:06 of 3rd period - Quinton Byfield wins face-off versus Jamie Benn in Predateurs zone.
15:27 of 3rd period - Shot by Filip Forsberg.
15:27 of 3rd period - Stopped by Thatcher Demko without a rebound.
15:28 of 3rd period - Ryan Getzlaf wins face-off versus Brad Richardson in Canucks zone.
15:40 of 3rd period - Shot by Jonathan Drouin.
15:40 of 3rd period - Stopped by Pekka Rinne without a rebound.
15:41 of 3rd period - Quinton Byfield wins face-off versus Jamie Benn in Predateurs zone.
15:47 of 3rd period - Off-side.
15:48 of 3rd period - Ryan Getzlaf wins face-off versus Jamie Benn in neutral zone.
16:53 of 3rd period - Icing by Dan Hamhuis.
16:54 of 3rd period - Quinton Byfield wins face-off versus Sidney Crosby in Predateurs zone.
17:00 of 3rd period - Alexander Kerfoot is hit by Dan Hamhuis and loses puck.
17:11 of 3rd period - Shot by Alexander Kerfoot.
17:11 of 3rd period - Deflect By Jack Hughes.
17:11 of 3rd period - Shot Misses the Net.
17:13 of 3rd period - Shot by Ian Cole.
17:13 of 3rd period - Stopped by Pekka Rinne without a rebound.
17:13 of 3rd period - Minor Penalty to Nathan Beaulieu for Interference.
17:14 of 3rd period - Filip Forsberg wins face-off versus Alexander Kerfoot in Predateurs zone.
17:49 of 3rd period - Icing by Jordan Oesterle.
17:50 of 3rd period - Alexander Kerfoot wins face-off versus Jamie Benn in Canucks zone.
18:12 of 3rd period - Icing by Artem Zub.
18:13 of 3rd period - Trevor Lewis wins face-off versus Ryan Getzlaf in Canucks zone.
18:38 of 3rd period - Shot by Artem Zub.
18:38 of 3rd period - Shot Blocked by Esa Lindell.
18:40 of 3rd period - Shot by Artem Zub.
18:40 of 3rd period - Stopped by Pekka Rinne without a rebound.
18:41 of 3rd period - Alexander Kerfoot wins face-off versus Trevor Lewis in Predateurs zone.
19:02 of 3rd period - Stephen Johns is hit by Austin Wagner and loses puck.
19:15 of 3rd period - Brady Skjei is hit by Adrian Kempe and loses puck.
19:32 of 3rd period - Shot by Jonathan Drouin.
19:32 of 3rd period - Stopped by Pekka Rinne without a rebound.
19:33 of 3rd period - Arttu Ruotsalainen wins face-off versus Alexander Wennberg in Predateurs zone.
19:41 of 3rd period - Off-side.
19:42 of 3rd period - Ryan Getzlaf wins face-off versus Trevor Lewis in neutral zone.
19:59 of 3rd period - Shot by Cody Glass.
19:59 of 3rd period - Stopped by Thatcher Demko without a rebound.
Goals for this period are 2 for Predateurs vs 0 for Canucks.
Shots for this period are 14 for Predateurs vs 9 for Canucks.

Overtime #1


0:01 of 1st overtime period - Sidney Crosby wins face-off versus Ryan Getzlaf in neutral zone.
0:06 of 1st overtime period - Shot by Filip Forsberg.
0:06 of 1st overtime period - Shot Misses the Net.
0:38 of 1st overtime period - Shot by Jared Spurgeon.
0:38 of 1st overtime period - Goal by Jared Spurgeon - Predateurs : 3 - Canucks : 4.
Goals for this period are 0 for Predateurs vs 1 for Canucks.
Shots for this period are 0 for Predateurs vs 1 for Canucks.